 Dungeon Crawl Stone Soup version 0.30-a0-883-g5ad918d77d (webtiles) character file.

Game seed: 11777939280293762880

124 Hubris850 the Conjurer (level 4, -7/31 (33) HPs)
             Began as a Draconian Conjurer on Mar 15, 2023.
             Mangled by an orc
             ... wielding a +2 flail of draining
              (10 damage)
             ... on level 3 of the Dungeon.
             The game lasted 00:04:49 (2027 turns).

Hubris850 the Conjurer (Draconian Conjurer)         Turns: 2027, Time: 00:04:50

HP:   -7/31 (33)    AC:  5    Str: 10    XL:     4   Next: 81%
MP:   5/8           EV: 12    Int: 20    God:
Gold: 46            SH:  0    Dex:  9    Spells: 1/8 levels left

rFire   . . .      SeeInvis .    g - +0 short sword
rCold   . . .      Faith    .    (no shield)
rNeg    . . .      Spirit   .    (body armour unavailable)
rPois   .          Reflect  .    (helmet restricted)
rElec   .          Rampage  .    (no cloak)
rCorr   +                        (no gloves)
Will    .....                    (no boots)
Stlth   ++                       (no amulet)
HPRegen 0.25/turn                i - ring of resist corrosion
MPRegen 0.11/turn                (no ring)

@: drained
A: AC +5, unfitting armour, cold-blooded
a: no special abilities


You were on level 3 of the Dungeon.
You visited 1 branch of the dungeon, and saw 3 of its levels.

You collected 46 gold pieces.

Inventory:

Hand Weapons
 g - a +0 short sword (weapon)
 m - a +0 halberd of flaming
Missiles
 f - 6 poisoned darts
Jewellery
 i - a ring of resist corrosion (left hand)
Scrolls
 b - 2 scrolls of identify {unknown}
 h - a scroll of poison {unknown}
 k - 2 scrolls of teleportation {unknown}
 o - a scroll of blinking {unknown}
 p - a scroll of brand weapon {unknown}
Potions
 a - 2 potions of magic
 c - a potion of flight {unknown}
 d - a potion of lignification {unknown}
 e - a potion of curing {unknown}
 j - a potion of heal wounds {unknown}
 l - a potion of brilliance {unknown}
 n - a potion of cancellation {unknown}


   Skills:
 + Level 2.7 Dodging
 + Level 2.9 Stealth
 + Level 2.9 Spellcasting
 + Level 4.6 Conjurations


You had one spell level left.
You knew the following spells:

 Your Spells              Type           Power      Damage    Failure   Level
a - Magic Dart            Conj           84%        1d7       2%          1
b - Searing Ray           Conj           42%        2d6       3%          2
c - Iskenderun's Mystic   Conj/Tloc      12%        2d5       50%         4

Your spell library contained the following spells:

 Spells                   Type           Power      Damage    Failure   Level
 Necrotise                Necr           8%         1d4       14%         1
 Summon Small Mammal      Summ           8%         N/A       14%         1
 Dazzling Flash           Conj/Hex       24%        N/A       17%         3
 Call Imp                 Summ           2%         N/A       22%         2
 Mephitic Cloud           Conj/Pois/Air  9%         N/A       22%         3
 Call Canine Familiar     Summ           2%         N/A       41%         3
 Summon Guardian Golem    Hex/Summ       2%         N/A       41%         3
 Vampiric Draining        Necr           2%         2d6       41%         3
 Fulminant Prism          Conj/Hex       6%         3d6       50%         4
 Agony                    Necr           2%         N/A       99%         5


Dungeon Overview and Level Annotations

Branches:
Dungeon (3/15)

Altars:


Innate Abilities, Weirdness & Mutations

Your plain brown scales are hard. (AC +5)
You cannot fit into any form of body armour.
You are cold-blooded and may be slowed by cold attacks.


Message History

The orc closely misses you. Something hits you. The orc barely misses you.
You hit the orc.
The orc is severely wounded.
The orc misses you. The orc closely misses you. Something hits you.
You hit the orc.
You kill the orc!
Something hits you but does no damage. The orc priest barely misses you.
The orc hits you with a +2 flail of draining!
You feel drained.
* * * LOW HITPOINT WARNING * * *
Casting: Magic Dart (safe; 2% risk of failure)
Confirm with . or Enter, or press ? or * to list all spells.
Aiming: Magic Dart (safe; 2% risk of failure)
Press: ? - help, Shift-Dir - straight line, f - orc priest
Aim: an orc priest, wielding a +0 short sword (100% to hit)
Okay, then.
The orc priest attacks as you move away!
The orc priest hits you but does no damage.
The orc priest casts a cantrip, but nothing happens.
Something hits you.
* * * LOW HITPOINT WARNING * * *
You see here a +0 whip.
The orc attacks as you move away! The orc hits you but does no damage.
You feel drained. Something hits you.
* * * LOW HITPOINT WARNING * * *
Something hits you.
* * * LOW HITPOINT WARNING * * *
Casting: Magic Dart (safe; 2% risk of failure)
Confirm with . or Enter, or press ? or * to list all spells.
Aiming: Searing Ray (safe; 3% risk of failure)
Press: ? - help, Shift-Dir - straight line The searing ray hits the orc.
The orc is almost dead.
The searing ray hits something.
Reactivating autopickup.
You feel a bit more experienced.
The searing ray hits the orc priest!
The orc priest is severely wounded. (Press . to maintain the ray.)
The orc hits you with a +2 flail of draining!
You die...

###.######.#
#.##.....# ...
#.....##.# #.#
#.#.#.# #.#
###.#.#.# #.#
[...#.#.########.#
..###.#....>.....#
.#.#.....###.#.#.#
.............o)o@#
........####.#.#.#
..#.....# #.....#
..##...## ###.....
..###### #######


You could see an orc priest and an orc.

Vanquished Creatures
  An orc wizard (D:3)
  4 adders (D:2)
  3 gnolls
  2 dart slugs
  An orc (D:3)
  3 ball pythons
  4 bats
  6 endoplasms
  A giant cockroach (D:2)
  3 goblins
  6 hobgoblins
  2 jackals (D:1)
  4 kobolds
  2 quokkas (D:2)
  6 frilled lizards
  4 rats (D:1)
52 creatures vanquished.

Notes
Turn   | Place    | Note
-------+----------+-------------------------------------------
     0 | D:1      | Hubris850 the Draconian Conjurer began the quest for the
                  | Orb.
     0 | D:1      | Reached XP level 1. HP: 14/14 MP: 3/3
   329 | D:1      | Reached XP level 2. HP: 20/20 MP: 3/5
   453 | D:1      | Found a faded altar of an unknown god.
   880 | D:1      | Reached XP level 3. HP: 26/26 MP: 3/6
  1292 | D:2      | Reached XP level 4. HP: 33/33 MP: 5/7
  1523 | D:1      | Learned a level 2 spell: Searing Ray
  1528 | D:1      | Learned a level 4 spell: Iskenderun's Mystic Blast
  2027 | D:3      | Mangled by an orc

Illustrated notes

Levels and vault maps discovered:
D:1:      reono_arrival_mine, layout_basic, hellmonk_ecumenical_altar_blasted
D:2:      layout_rooms
D:3:      layout_loops_ring, columned_hall_lemuel, serial_bayou_pond_d,
          minmay_box_of_dots, uniq_grinder, uniq_terence

Skill      XL: |  1 |
---------------+----+-----
Dodging        | 2 |  2.7
Stealth        | 2 |  2.9
Spellcasting   | |  2.9
Conjurations   | |  4.6

Action                     |  1- 3 |  4- 6 || total
---------------------------+-------+-------++-------
  Melee: Short sword       |    51 |    17 ||    68
         Unarmed           |     5 |       ||     5
         Tailslap          |     5 |     1 ||     6
         Punch             |     1 |     1 ||     2
   Cast: Magic Dart        |    58 |    47 ||   105
         Searing Ray       |       |     1 ||     1
 Armour: Skin              |    23 |    14 ||    37
  Dodge: Dodged            |    52 |    26 ||    78

Table legend: (Time is in decaauts)
 A = Elapsed time spent in this place.
 B = Non-inter-level travel time spent in this place.
 C = Inter-level travel time spent in this place.
 D = Time resting spent in this place.
 E = Time spent auto-exploring this place.
 F = Levels seen in this place.
 G = Mean time per level.
                   A        B        C        D        E       F      G
               +--------+--------+--------+--------+--------+-----+--------+
         Total |   2031 |   1961 |     70 |    231 |   1414 |   3 |  677.0 |
       Dungeon |   2031 |   1961 |     70 |    231 |   1414 |   3 |  677.0 |
               +--------+--------+--------+--------+--------+-----+--------+

Top non-repeatable levels by time:
     D:1: 1222 daAuts
     D:2: 741 daAuts
     D:3: 67 daAuts
